 Dungeon Crawl Stone Soup version 0.30-a0-760-g5a9884bb7c (webtiles) character file.

Game seed: 18181077926980078447

86 jlumianski the Covered (level 4, -1/35 HPs)
             Began as a Demonspawn Fighter on Feb 10, 2023.
             Slain by a gnoll
             ... wielding a +0 spear
              (8 damage)
             ... on level 3 of the Dungeon.
             The game lasted 00:08:12 (2077 turns).

jlumianski the Covered (Demonspawn Fighter)         Turns: 2077, Time: 00:08:13

Health: -1/35      AC: 12    Str: 19    XL:     4   Next: 26%
Magic:  4/4        EV:  7    Int:  9    God:
Gold:   120        SH:  8    Dex: 12    Spells: 3/3 levels left

rFire   . . .      SeeInvis .    a - +0 war axe
rCold   . . .      Faith    .    n - +0 kite shield
rNeg    . . .      Spirit   .    b - +0 scale mail
rPois   .          Reflect  .    (no helmet)
rElec   .          Harm     .    u - +2 cloak
rCorr   .          Rampage  .    (no gloves)
Will    .....                    (no boots) Stlth
                                 (no amulet)
HPRegen 0.25/turn                (no ring)
MPRegen 0.09/turn                (no ring)

@: lethally poisoned (-1 -> -7), flying
A: slimy green scales 1, demonic guardian 1, demonic magic 1
a: no special abilities


You were on level 3 of the Dungeon.
You visited 1 branch of the dungeon, and saw 3 of its levels.

You collected 120 gold pieces.

Inventory:

Hand Weapons
 a - a +0 war axe (weapon)
Missiles
 g - 21 stones (quivered)
 q - 2 throwing nets
Armour
 b - a +0 scale mail (worn)
 c - a +0 buckler
 h - a scarf of resistance
 n - a +0 kite shield (worn)
 u - a +2 cloak (worn)
Jewellery
 o - a ring of fire
Scrolls
 i - 2 scrolls of teleportation
 k - a scroll of enchant weapon {unknown}
 p - 2 scrolls of fear {unknown}
 s - a scroll of acquirement {unknown}
Potions
 d - 3 potions of might
 e - 2 potions of flight
 f - 2 potions of curing {unknown}
 j - 2 potions of brilliance {unknown}
 l - a potion of berserk rage {unknown}
 m - 3 potions of haste {unknown}
 r - a potion of attraction {unknown}
 t - a potion of heal wounds {unknown}


   Skills:
 + Level 3.2 Fighting
 + Level 2.7 Axes
 + Level 3.4 Armour
 + Level 0.1 Dodging
 + Level 3.3 Shields


You had 3 spell levels left.
You didn't know any spells.
Your spell library was empty.

Dungeon Overview and Level Annotations

Branches:
Dungeon (3/15)

Altars:


Innate Abilities, Weirdness & Mutations

You are partially covered in slimy green scales. (AC +2)
A weak demonic guardian rushes to your aid.
Spells you cast may paralyse adjacent enemies.


Message History

You now have 120 gold pieces (gained 9).
A gnoll comes into view. It is wielding a +0 spear of venom.
Found 13 gold pieces.
The gnoll shouts!
You hear a shout! x2
A giant cockroach comes into view. 2 gnolls come into view.
The gnoll shouts! x2
A gnoll comes into view. It is wielding a +0 spear.
The giant cockroach bites you but does no damage.
The giant cockroach attacks as you move away!
The giant cockroach bites you.
You barely miss the giant cockroach. The giant cockroach barely misses you.
The giant cockroach bites you but does no damage.
You hit the giant cockroach.
The giant cockroach is moderately wounded.
The giant cockroach barely misses you. x2
You slash the giant cockroach!
You kill the giant cockroach!
The gnoll hits you from afar with a +0 spear of venom.
You are poisoned.
You feel sick.
You see here a giant cockroach corpse.
The gnoll attacks as you move away!
The gnoll hits you with a +0 spear of venom.
You are more poisoned.
You feel very sick.
The gnoll hits you from afar with a +0 spear of venom.
You are more poisoned.
You feel very sick.
You feel very sick.
* * * LOW HITPOINT WARNING * * *
You feel very sick.
* * * LOW HITPOINT WARNING * * *
You feel sick.
It was a potion of flight.
You feel very buoyant.
You fly up into the air.
* * * LOW HITPOINT WARNING * * *
You feel sick.
The gnoll hits you from afar with a +0 spear!
You die...

......#.# #........ #.....#.#
#........ #<....#.# #........
.......##
#######################
#........@.gggg.......#
#.....####....#...##..#
#...### #....#...###.# .
#..#######....##..###.#...
.####..##........###......#...
...#.###....#...# ##.....#...
#..#.# #....#...# ###.).#...
#..#.# #...##..## ####.#...
#..#.###†####..# ####....#...


You could see 4 gnolls.

Vanquished Creatures
  A gnoll (D:3)
  An adder (D:2)
  2 dart slugs
  2 orcs (D:3)
  5 ball pythons
  3 endoplasms
  3 giant cockroaches
  7 goblins
  7 hobgoblins
  4 quokkas
  5 bats
  2 frilled lizards
  4 kobolds
  10 rats
56 creatures vanquished.

Vanquished Creatures (collateral kills)
  A ball python (D:1)
1 creature vanquished.

Grand Total: 57 creatures vanquished

Notes
Turn   | Place    | Note
-------+----------+-------------------------------------------
     0 | D:1      | jlumianski the Demonspawn Fighter began the quest for the
                  | Orb.
     0 | D:1      | Reached XP level 1. HP: 18/18 MP: 1/1
   149 | D:1      | Gained mutation: A weak demonic guardian rushes to your
                  | aid. [demonic ancestry]
   149 | D:1      | Reached XP level 2. HP: 24/24 MP: 2/2
  1038 | D:2      | Gained mutation: You are partially covered in slimy green
                  | scales. (AC +2) [demonic ancestry]
  1038 | D:2      | Reached XP level 3. HP: 25/29 MP: 3/3
  1900 | D:3      | Gained mutation: Spells you cast may paralyse adjacent
                  | enemies. [demonic ancestry]
  1900 | D:3      | Reached XP level 4. HP: 35/35 MP: 4/4
  2077 | D:3      | Slain by a gnoll

Illustrated notes

Levels and vault maps discovered:
D:1:      dpeg_arrival_leaves_temple_mockup, layout_basic, serial_park_tiny_2,
          minmay_pentomino_w2
D:2:      layout_loops_ring, minmay_misc_feat_more_columns
D:3:      minmay_recursive_quarters, layout_rooms,
          hellmonk_ecumenical_altar_run_dry, serial_glass, glass_columns_a,
          glass_columns_b, glass_columns_b, glass_columns_c, glass_columns_a,
          glass_columns_b, glass_columns_a, glass_columns_b, glass_columns_a,
          glass_columns_b, glass_columns_b, glass_columns_a, glass_columns_a,
          glass_columns_a

Skill      XL: |  1  2 |
---------------+-------+-----
Axes           | 2 |  2.7
Shields        | 3 |  3.3
Armour         | 3 |  3.4
Fighting       | |  3.2
Dodging        | |  0.1

Action                     |  1- 3 |  4- 6 || total
---------------------------+-------+-------++-------
  Melee: War axe           |   114 |    14 ||   128
  Throw: Stone             |     4 |       ||     4
    Use: Scroll            |     1 |       ||     1
         Potion            |       |     1 ||     1
 Armour: Scale mail        |    54 |     5 ||    59
  Dodge: Dodged            |    32 |     5 ||    37
  Block: Buckler           |     7 |       ||     7
         Kite shield       |    39 |     7 ||    46

Table legend: (Time is in decaauts)
 A = Elapsed time spent in this place.
 B = Non-inter-level travel time spent in this place.
 C = Inter-level travel time spent in this place.
 D = Time resting spent in this place.
 E = Time spent auto-exploring this place.
 F = Levels seen in this place.
 G = Mean time per level.
                   A        B        C        D        E       F      G
               +--------+--------+--------+--------+--------+-----+--------+
         Total |   2149 |   2116 |     33 |      0 |   1237 |   3 |  716.3 |
       Dungeon |   2149 |   2116 |     33 |      0 |   1237 |   3 |  716.3 |
               +--------+--------+--------+--------+--------+-----+--------+

Top non-repeatable levels by time:
     D:1: 923 daAuts
     D:2: 823 daAuts
     D:3: 401 daAuts
